 Dungeon Crawl Stone Soup version 0.19.0-19-g8c6edcc (webtiles) character file.

81 Minion the Charlatan (level 4, -3/19 HPs)
             Began as a Felid Artificer on Nov 13, 2016.
             Was an Initiate of Okawaru.
             Slain by a worker ant (4 damage)
             ... on level 4 of the Dungeon.
             The game lasted 00:05:54 (2278 turns).

Minion the Charlatan (Felid Artificer)              Turns: 2278, Time: 00:05:56

Health: -3/19      AC:  1    Str:  8    XL:     4   Next: 20%
Magic:  8/8        EV: 19    Int: 12    God:    Okawaru [......]
Gold:   97         SH:  0    Dex: 17    Spells: 0 memorised, 3 levels left
                                        Lives:  0   Deaths: 1

rFire  . . .     SeeInvis +       - Unarmed
rCold  . . .     Gourm    .     (armour unavailable)
rNeg   . . .     Faith    .     (shield unavailable)
rPois  .         Spirit   .     (helmet unavailable)
rElec  .         Reflect  .     (cloak unavailable)
rCorr  .         Harm     .     (gloves unavailable)
MR     .....                    (boots unavailable)
Stlth  +++.......               (no amulet)
                                (no ring)
                                (no ring)

@: lethally poisoned (-3 -> -15), quick
A: no armour, no weapons or thrown items, stealth, claws 1, fangs 3, see
invisible, carnivore 3, speed 1, shaggy fur 1, slow metabolism 1, sharp paws
a: Renounce Religion


You were on level 4 of the Dungeon.
You worshipped Okawaru.
Okawaru was noncommittal.
You were very full.

You visited 1 branch of the dungeon, and saw 4 of its levels.

You collected 97 gold pieces.

Inventory:

Wands
 a - a wand of flame (0/48)
 b - a wand of enslavement (13/24)
 c - a wand of random effects (15/48)
Scrolls
 e - 3 scrolls of noise {unknown}
 h - 3 scrolls of amnesia {unknown}
 i - 2 scrolls of enchant weapon {unknown}
 n - 2 scrolls of identify {unknown}
Potions
 f - a potion of mutation {unknown}
 g - a potion of heal wounds {unknown}
 j - 3 potions of curing {unknown}
 k - a potion of cure mutation {unknown}
 o - a potion of brilliance {unknown}
Comestibles
 d - 3 meat rations
 m - a beef jerky


   Skills:
 + Level 1.1 Fighting
 + Level 4.0 Dodging
 + Level 3.3 Stealth
 + Level 2.4 Unarmed Combat
 + Level 4.2 Evocations


You had 3 spell levels left.
You didn't know any spells.

Dungeon Overview and Level Annotations

Branches:
Dungeon (4/15)
 Temple: D:4-7

Altars:
Okawaru

Annotations:
D:2 Terence
D:3 Sigmund


Innate Abilities, Weirdness & Mutations

You cannot wear armour.
You are incapable of wielding weapons or throwing items.
Your paws allow you to move quietly. (Stealth)
You have sharp claws.
You have razor-sharp teeth.
You have supernaturally acute eyesight. (SInv)
You are carnivorous and can eat meat at any time.
You cover ground quickly.
You are covered in fur. (AC +1)
You have a slow metabolism.
Your sharp claws are effective at attacking unaware monsters.


Message History

The worker ant bites you but does no damage.
Zapping:
a - a wand of flame (1/48)
Press: ? - help, Shift-Dir - straight line, f/p - worker ant
Aim: a worker ant (severely wounded)
The puff of flame hits the worker ant.
The worker ant is almost dead.
This wand has 0 charges left.
* * * LOW HITPOINT WARNING * * *
You feel sick. The worker ant barely misses you.
As you read the scroll labeled SAQ MAEQALINURCHY, it crumbles to dust.
You feel aware of your surroundings.
It was a scroll of magic mapping.
The worker ant completely misses you.
You barely miss the worker ant.
The worker ant is almost dead.
* * * LOW HITPOINT WARNING * * *
You feel sick. The worker ant bites you.
* * * LOW HITPOINT WARNING * * *
You are more poisoned.
The worker ant poisons you! The worker ant bites you.
You die...

#..,####,,....>.#,,**,* ***
#...,...##.#....,****,**** *
#....,#.#.(.....,,,,,***,**
*#...*#....#....*,,,,,**,,*
#.).####.##...#**,,,,,**,**
##..........###,##..,,,*,,,**
*#.............#...#*,*,,****,
***#........(......#..##*,,,*,,,,
*,,.....##......@a......,,**,,*,,
*,,#..#...........?.##..,,*,,,,,*
,,*##...#......$........,,,,,,,,,
,,**#..#................,,,,,,,,*
,,,,..*#.....#..........,,,,,,,,#
*,,,#*..................,,*,,,,..
***,,.............>....#,,,,,,...
*,.....#.......?......,,,,,*###
***,.$.#.#..#.##...,,**,,,*****,#


You could see a worker ant.

Vanquished Creatures
  3 worker ants (D:4)
  An adder (D:3)
  An ooze (D:3)
  A dart slug (D:1)
  6 bats
  6 giant cockroaches
  3 hobgoblins
  2 jackals (D:3)
  2 quokkas (D:3)
  2 frilled lizards
  4 goblins
  A kobold (D:1)
  5 rats
37 creatures vanquished.

Vanquished Creatures (collateral kills)
  A goblin (D:3)
  A quokka (D:3)
2 creatures vanquished.

Grand Total: 39 creatures vanquished

Notes
Turn   | Place    | Note
-------+----------+-------------------------------------------
     0 | D:1      | Minion the Felid Artificer began the quest for the Orb.
     0 | D:1      | Reached XP level 1. HP: 9/9 MP: 4/4
   273 | D:1      | Reached XP level 2. HP: 12/12 MP: 5/5
  1158 | D:2      | Noticed Terence
  1171 | D:3      | Found an iron altar of Okawaru.
  1183 | D:3      | Became a worshipper of Warmaster Okawaru
  1220 | D:3      | Reached XP level 3. HP: 9/15 MP: 7/7
  1564 | D:3      | Noticed Sigmund
  1879 | D:4      | Reached XP level 4. HP: 6/19 MP: 8/8
  2203 | D:4      | Slain by a worker ant
  2204 | D:4      | Reached XP level 3. HP: -2/15 MP: 7/7
  2256 | D:4      | Reached XP level 4. HP: 13/19 MP: 8/8
  2278 | D:4      | Slain by a worker ant

Skill      XL: |  1  2  3  4 |
---------------+-------------+-----
Evocations     | 4 |  4.2
Dodging        | 3 4 |  4.0
Stealth        | 2 3 |  3.3
Unarmed Combat | 2 |  2.4
Fighting       | |  1.1

Action                   |  1- 3 |  4- 6 || total
-------------------------+-------+-------++-------
Melee: Unarmed           |   123 |    13 ||   136
       Bite              |    10 |       ||    10
       Punch             |     1 |       ||     1
Evoke: Wand              |    10 |     7 ||    17
  Use: Scroll            |       |     1 ||     1
 Stab: Sleeping          |    12 |       ||    12
  Eat: Chunk             |     6 |     2 ||     8
Armor: Skin              |     8 |     1 ||     9
Dodge: Dodged            |    97 |    15 ||   112
